 Dungeon Crawl Stone Soup version 0.31.0-11-ge490571c62 (webtiles) character file.

Game seed: 17832832037253163692

1867651 drock the Petrodigitator (level 27, 186/186 HPs)
             Began as a Gargoyle Earth Elementalist on Jan 26, 2024.
             Was an Initiate of Gozag.
             Escaped with the Orb
             ... and 4 runes on Jan 27, 2024!
             The game lasted 11:39:54 (102656 turns).

drock the Petrodigitator (GrEE)                   Turns: 102656, Time: 11:39:54

Health: 186/186    AC: 37    Str: 13    XL:     27
Magic:  54/54      EV: 18    Int: 29    God:    Gozag
Gold:   9228       SH: 30    Dex: 16    Spells: 7/63 levels left

rFire   + + .        g - +3 Elemental Staff {ele, rElec rF+ rC+ AC+3}
rCold   + + .        G - +8 tower shield {rF+}
rNeg    + . .        C - +2 leather armour {Will+}
rPois   ∞            (helmet restricted)
rElec   +            Y - scarf {rC+ rF+}
rCorr   +            F - +2 pair of gloves {Dex+3}
SInv    +            h - +2 pair of boots
Will    ++++.        y - amulet of magic regeneration
Stlth   +            J - ring of Visaept {MP+9 Dex+3 SInv Stlth-}
HPRegen 0.51/turn    l - ring "Lauxziz" {Will+ rCorr}
MPRegen 0.74/turn

%: no passive effects
@: flying, studying Invocations
A: sickness immunity, AC +20, big wings, negative energy resistance 1,
electricity resistance, torment resistance 1, petrification resistance, horns 1,
screaming 1, no potion heal 2, heat vulnerability 1, inability to read after
injury 1, persistent drain
0: Orb of Zot
}: 4/15 runes: decaying, serpentine, slimy, silver
a: Renounce Religion, Potion Petition, Call Merchant, Bribe Branch


You escaped.
You worshipped Gozag.
Gozag was greatly pleased with you.
You visited 13 branches of the dungeon, and saw 57 of its levels.
You also visited: Trove, Ice Cave and Wizlab.

You collected 29259 gold pieces.
You spent 8876 gold pieces at shops.
You paid 11155 gold pieces to Gozag.

Inventory:

Hand Weapons
 g - the +3 Elemental Staff (weapon) {ele, rElec rF+ rC+ AC+3}
   (You found it on level 1 of the Vaults)

   AC+3:      It affects your AC (+3).
   rF+:       It protects you from fire.
   rC+:       It protects you from cold.
   rElec:     It insulates you from electricity.
Missiles
 A - 15 curare-tipped darts
 I - 3 throwing nets
Armour
 h - a +2 pair of boots (worn)
 z - the crystal ball of Wucad Mu {*channel}
   (You found it on level 5 of the Pits of Slime)

   *Channel:  It often returns the magic spent to cast spells, but lowers their
   success rate.
   It always returns the magic spent on miscasts.
 B - the +1 helmet of Ajeyguun {Dex+3 Slay+2}
   (You found it in an ice cave)

   Dex+3:     It affects your dexterity (+3).
   Slay+2:    It affects your accuracy & damage with ranged weapons and melee
   (+2).
 C - a +2 leather armour of willpower (worn)
 F - a +2 pair of gloves of dexterity (worn)
 G - a +8 tower shield of fire resistance (worn)
 Y - a scarf of resistance (worn)
Jewellery
 l - the ring "Lauxziz" (right hand) {Will+ rCorr}
   (You took it off a deep elf annihilator on level 3 of the Elven Halls)

   [ring of resist corrosion]

   Will+:     It increases your willpower.
   rCorr:     It protects you from acid and corrosion.
 o - a ring of wizardry
 p - the ring of the Hare {EV+10}
   (You bought it in a shop on level 2 of the Snake Pit)

   [ring of evasion]

   EV+10:     It affects your evasion (+10).
 x - the ring "Zobocyogo" {rC+ rN+ Will- EV+5}
   (You acquired it on level 1 of the Depths)

   [ring of evasion]

   EV+5:      It affects your evasion (+5).
   rC+:       It protects you from cold.
   rN+:       It protects you from negative energy.
   Will-:     It decreases your willpower.
 y - an amulet of magic regeneration (around neck)
 J - the ring of Visaept (left hand) {MP+9 Dex+3 SInv Stlth-}
   (You bought it in a shop on level 3 of the Dungeon)

   [ring of see invisible]

   Dex+3:     It affects your dexterity (+3).
   MP+9:      It affects your magic capacity (+9).
   SInv:      It lets you see invisible.
   Stlth-:    It makes you less stealthy.
 N - the ring of Jisec {rCorr EV+5 Str-2 Int+7 Dex+3}
   (You took it off an ironbound convoker on level 5 of the Vaults)

   [ring of evasion]

   EV+5:      It affects your evasion (+5).
   Str-2:     It affects your strength (-2).
   Int+7:     It affects your intelligence (+7).
   Dex+3:     It affects your dexterity (+3).
   rCorr:     It protects you from acid and corrosion.
 U - the ring of Hoxunk {rElec rC- Will+++ Str-3 Int+6}
   (You acquired it on level 2 of the Elven Halls)

   [ring of intelligence]

   Str-3:     It affects your strength (-3).
   Int+6:     It affects your intelligence (+6).
   rC-:       It makes you vulnerable to cold.
   rElec:     It insulates you from electricity.
   Will+++:   It greatly increases your willpower.
 V - a ring of protection from fire
 X - a ring of ice
Wands
 m - a wand of iceblast (34)
 n - a wand of quicksilver (6) (quivered)
 K - a wand of digging (1)
Scrolls
 c - a scroll of torment
 d - 11 scrolls of amnesia
 f - a scroll of enchant armour
 j - 3 scrolls of enchant weapon
 s - 3 scrolls of silence
 v - 3 scrolls of fear
 w - 9 scrolls of poison
 D - 7 scrolls of revelation
 E - 9 scrolls of immolation
 L - 8 scrolls of blinking
 O - a scroll of brand weapon
 S - 9 scrolls of fog
 W - 2 scrolls of butterflies
 Z - 6 scrolls of teleportation
Potions
 a - 17 potions of curing
 b - 6 potions of magic
 e - 4 potions of invisibility
 q - 12 potions of ambrosia
 r - 8 potions of haste
 t - 3 potions of brilliance
 u - 6 potions of heal wounds
 H - 8 potions of enlightenment
 P - 3 potions of attraction
 Q - 2 potions of berserk rage
 R - 4 potions of resistance
 T - a potion of cancellation
Miscellaneous
 i - a phial of floods
 k - a phantom mirror
 M - a lightning rod (4/4)


   Skills:
 + Level 22.8 Fighting
 - Level 10.0 Armour
 - Level 13.2 Dodging
 - Level 2.1 Stealth
 - Level 21.0 Shields
 + Level 18.8 Spellcasting
 - Level 21.5 Conjurations
 * Level 13.8 Fire Magic
 - Level 3.6 Air Magic
 O Level 27 Earth Magic
 - Level 6.0 Alchemy


You had 7 spell levels left.
You knew the following spells:

 Your Spells              Type           Power      Damage    Failure   Level
a - Shatter               Erth           67%        3d50*     6%          9
c - Brom's Barrelling Bo  Conj/Erth      100%       2d11      0%          4
d - Apportation           Tloc           54%        N/A       3%          1
e - Irradiate             Conj/Alch      41%        3d25      1%          5
f - Swiftness             Air            64%        N/A       2%          3
g - Orb of Destruction    Conj           50%        9d13      1%          7
h - Iskenderun's Battles  Conj           100%       2d15      0%          5
i - Bombard               Conj/Erth      64%        9d11      1%          6
j - Borgnjor's Vile Clut  Necr/Erth      51%        N/A       1%          5
k - Inner Flame           Hex/Fire       79%        N/A       1%          3
l - Lehudib's Crystal Sp  Conj/Erth      64%        10d15     1%          8

Your spell library contained the following spells:

 Spells                   Type           Power      Damage    Failure   Level
 Foxfire                  Conj/Fire      100%       2x1d9     0%          1
 Magic Dart               Conj           100%       1d8       0%          1
 Sandblast                Erth           100%       2d20      0%          1
 Sting                    Conj/Alch      100%       1d9       0%          1
 Searing Ray              Conj           100%       2d8       0%          2
 Passwall                 Erth           100%       N/A       0%          3
 Stone Arrow              Conj/Erth      100%       3d13      0%          3
 Lee's Rapid Deconstruct  Erth           67%        3d31*     0%          5
 Kiss of Death            Conj/Necr      100%       2d13      1%          1
 Mercury Vapours          Alch/Air       100%       N/A       1%          2
 Momentum Strike          Conj/Tloc      100%       3d10      1%          2
 Static Discharge         Conj/Air       100%       3-8/arc   1%          2
 Dazzling Flash           Conj/Hex       100%       N/A       1%          3
 Hailstorm                Conj/Ice       94%        3d15      1%          3
 Mephitic Cloud           Conj/Alch/Air  92%        N/A       1%          3
 Volatile Blastmotes      Fire/Tloc      100%       2d18      1%          3
 Animate Armour           Summ/Erth      100%       N/A       1%          4
 Flame Wave               Conj/Fire      100%       2d21      1%          4
 Fulminant Prism          Conj/Alch      41%        3d19      1%          4
 Ignite Poison            Fire/Alch      91%        N/A       1%          4
 Iskenderun's Mystic Bla  Conj/Tloc      74%        2d15      1%          4
 Leda's Liquefaction      Alch/Erth      55%        N/A       1%          4
 Petrify                  Alch/Erth      100%       N/A       1%          4
 Sticky Flame             Fire/Alch      91%        2d14      1%          4
 Arcjolt                  Conj/Air       50%        1d60      1%          5
 Fireball                 Conj/Fire      57%        3d22      1%          5
 Starburst                Conj/Fire      57%        6d15      1%          6
 Necrotise                Necr           100%       1d9       3%          1
 Slow                     Hex            100%       N/A       3%          1
 Summon Small Mammal      Summ           100%       N/A       3%          1
 Freezing Cloud           Conj/Ice/Air   53%        6-21      3%          5
 Conjure Ball Lightning   Conj/Air       50%        3x3d17    3%          6
 Blink                    Tloc           54%        N/A       5%          2
 Call Imp                 Summ           54%        N/A       5%          2
 Ensorcelled Hibernation  Hex/Ice        80%        N/A       5%          2
 Airstrike                Air            32%        2d(5-21)  9%          4
 Alistair's Intoxication  Alch           38%        N/A       9%          5
 Confusing Touch          Hex            27%        N/A       11%         3
 Frozen Ramparts          Ice            80%        1d13      11%         3
 Fugue of the Fallen      Necr           27%        N/A       11%         3
 Gell's Gravitas          Tloc           27%        N/A       11%         3
 Ozocubu's Armour         Ice            40%        N/A       11%         3
 Sigil of Binding         Hex            27%        N/A       11%         3
 Summon Ice Beast         Ice/Summ       40%        N/A       11%         3
 Teleport Other           Tloc           27%        N/A       11%         3
 Tukima's Dance           Hex            27%        N/A       11%         3
 Vampiric Draining        Necr           27%        2d7       11%         3
 Plasma Beam              Fire/Air       54%        2x1d69    16%         6
 Summon Lightning Spire   Summ/Air       54%        N/A       17%         4
 Yara's Violent Unravell  Hex/Alch       22%        3d10      30%         5
 Anguish                  Hex/Necr       13%        N/A       36%         4
 Cause Fear               Hex            13%        N/A       36%         4
 Dimensional Bullseye     Hex/Tloc       13%        N/A       36%         4
 Dispel Undead            Necr           27%        3d13      36%         4
 Passage of Golubria      Tloc           27%        N/A       36%         4
 Silence                  Hex/Air        27%        N/A       43%         5
 Eringya's Noxious Bog    Alch           29%        4d6       43%         6
 Curse of Agony           Necr           27%        N/A       71%         5
 Metabolic Englaciation   Hex/Ice        20%        N/A       71%         5
 Summon Forest            Summ/Tloc      13%        N/A       71%         5
 Summon Mana Viper        Hex/Summ       27%        N/A       71%         5
 Sculpt Simulacrum        Ice/Alch       30%        N/A       86%         6
 Death Channel            Necr           13%        N/A       99%         6
 Dispersal                Tloc           13%        N/A       99%         6
 Monstrous Menagerie      Summ           13%        N/A       100%        7
 Summon Hydra             Summ           13%        N/A       100%        7
 Ignition                 Fire           51%        3d14      63%         8
 Fire Storm               Conj/Fire      57%        8d14      95%         9
 Borgnjor's Revivificati  Necr           13%        N/A       100%        8
 Chain Lightning          Conj/Air       50%        3d66      100%        9
 Dragon's Call            Summ           13%        N/A       100%        9
 Cigotuvi's Dreadful Rot  Necr/Alch/Air  Unusable   N/A       N/A         2
 Animate Dead             Necr           Unusable   N/A       N/A         4

Dungeon Overview and Level Annotations

Branches:
Dungeon (15/15)            Temple (1/1) D:5            Lair (5/5) D:9
  Swamp (4/4) Lair:2        Snake (4/4) Lair:3        Slime (5/5) Lair:5
    Orc (2/2) D:12            Elf (3/3) Orc:2        Vaults (5/5) D:14
  Crypt (3/3) Vaults:3       Tomb (0/3) Crypt:3      Depths (4/4) D:15
   Hell (visited)             Zot (5/5) Depths:4      IceCv (visited)
 WizLab (visited)
    Dis: Hell:1         Geh: Hell:1         Coc: Hell:1         Tar: Hell:1

Altars:
Ashenzari
Cheibriados
Dithmenos
Elyvilon
Fedhas
Gozag
Hepliaklqana
Kikubaaqudgha
Makhleb
Nemelex Xobeh
Okawaru
Qazlal
Ru
Sif Muna
Trog
Uskayaw
Vehumet
Wu Jian
Xom
Yredelemnul
Zin
The Shining One
Jiyva
Lugonu

Shops:
D:3 !*=*=   D:13 **??([   D:15 [   Orc:2 =![:   Lair:1 *   Lair:5 [
Snake:2 =:=:   Vaults:3 (   Vaults:4 ?   Depths:1 (   Depths:2 !(

Portals:
Hell: Depths:1 Depths:2 Depths:3 Depths:4
Abyss: Depths:3
Pandemonium: Depths:1 Depths:2
Ziggurat: Depths:2

Annotations:
D:2 1 runed translucent door, Crazy Yiuf
D:3 2 runed translucent doors, 1 exclusion, h191's ghost, amateur FoHu
D:5 exclusion: downstairs
D:9 exclusion: downstairs
D:13 exclusion: downstairs
Lair:2 exclusion: downstairs
Swamp:3 2 transporters, Ypsiuj's ghost, adept GnSk
Snake:4 1 exclusion
Slime:4 exclusion: downstairs
Elf:2 3 runed translucent doors, exclusion: 3 doors
Vaults:2 1 runed translucent door, Zotwa's ghost, adept GnSk
Depths:3 exclusion: orange crystal statue
Zot:4 exclusion: door


Innate Abilities, Weirdness & Mutations

You are immune to sickness and miasma.
Your stone body is resilient. (AC +20)
You are immune to poison.
Your large and strong wings let you fly.
You resist negative energy. (rN+)
You are resistant to electric shocks. (rElec)
You are resistant to unholy torment.
You are immune to petrification.
You have a pair of small horns on your head.
You occasionally shout uncontrollably at your foes.
Potions cannot restore your health.
You are vulnerable to heat. (rF-)
You occasionally lose the ability to read scrolls when taking damage.
Your health recovers twice as slowly from being drained.


Message History

You fly upwards.
Level annotation: exclusion: downstairs
There is a stone staircase leading down here.
There is a stone staircase leading up here.
You fly upwards.
There is a stone staircase leading down here.
There is a stone staircase leading up here.
You fly upwards.
Level annotation: 2 runed translucent doors, 1 exclusion, h191's ghost, amateur FoHu
There is a stone staircase leading down here.
There is an open door here.
There is a stone staircase leading up here.
You fly upwards.
Level annotation: 1 runed translucent door, Crazy Yiuf
There is a stone staircase leading down here.
There is a stone staircase leading up here.
You fly upwards.
There is a stone staircase leading down here.
You see here 7 stones.
There is a stone staircase leading down here.
A Tzitzimitl comes into view.
Casting: Orb of Destruction (mildly dangerous; 1% risk of failure)
Confirm with . or Enter, or press ? or * to list all spells.
Aiming: Lehudib's Crystal Spear (dangerous; 1% risk of failure)
Press: ? - help, Shift-Dir - straight line, f - Tzitzimitl
Aim: a Tzitzimitl (71% to hit)
You feel a surge of power!
The crystal spear hits the Tzitzimitl!!!!
The Tzitzimitl is almost dead.
Casting: Lehudib's Crystal Spear (dangerous; 1% risk of failure)
Confirm with . or Enter, or press ? or * to list all spells.
Aiming: Lehudib's Crystal Spear (dangerous; 1% risk of failure)
Press: ? - help, Shift-Dir - straight line, f/p - Tzitzimitl
Aim: a Tzitzimitl (almost dead, 71% to hit)
You feel a surge of power!
The crystal spear hits the Tzitzimitl!!!
You kill the Tzitzimitl!
Magic restored.
There is a staircase leading out of the dungeon here.
You have escaped!

#.##...###8## #..........
#.####.# #.# #.#.#####.# #.#
#.###.### #.#........ #.#
###...).####.#######.# #.#
#.........############ #.#
##.........###8##8##8## #.#
#.8....................
##.###......................
####..8.......@................
#.....###......................
#†#####.#.8....................
###.#####.##.........###8##8##8##
.......##..#.......^.# ##########
.#####.##..###.....### #. .#
#.##....###.###### #. .#
#.........#.#....# #. .#
#....######8####.# #.


There were no monsters in sight!

Vanquished Creatures
  the Royal Jelly (Slime:5)
  Dissolution (Slime:4)
  Frederick (Crypt:3)
  4 dread liches
  An ancient lich (Zot:5)
  7 orbs of fire (Zot:5)
  Sojobo (Crypt:3)
  A shard shrike (IceCv)
  Parghit (Zot:2)
  4 Killer Klowns
  Bai Suzhen (Depths:2)
  3 caustic shrikes (Depths:4)
  4 curse toes
  Geryon (Hell)
  5 golden dragons
  A pandemonium lord (Depths:3)
  A profane servitor (Crypt:3)
  Jory (Crypt:3)
  2 bone dragons
  A Tzitzimitl (D:1)
  A Brimstone Fiend (D:15)
  5 electric golems
  A Hell Sentinel (Depths:2)
  14 tentacled monstrosities
  Rupert (D:12)
  Zenata (Vaults:4)
  2 liches
  2 walking frostbound tomes
  29 Orb Guardians
  A deep elf master archer (Depths:3)
  11 titans (Vaults:5)
  3 sphinxes
  4 quicksilver dragons
  An Executioner (Depths:1)
  The ghost of Arcadio the Tortoise, an adept AtGl of Okawaru (Vaults:1)
  3 ancient champions (Crypt:3)
  19 acid blobs
  8 death cobs
  2 deep elf blademasters (Elf:3)
  A thorn hunter (Swamp:4)
  7 shadow dragons
  7 storm dragons
  4 tengu reavers
  A revenant (Crypt:3)
  6 draconian knights
  5 draconian monks
  9 rockslimes
  6 azure jellies
  5 protean progenitors
  9 frost giants
  8 draconian shifters
  5 deep elf sorcerers
  19 vault wardens
  6 fire giants
  6 draconian scorchers
  A balrug (Depths:3)
  A ghost moth (Zot:4)
  A curse skull (Crypt:3)
  3 ghouls
  4 deep elf elementalists
  4 formless jellyfish
  3 orc warlords
  15 ironbound preservers
  3 reapers
  4 draconian annihilators
  6 draconian stormcallers
  14 quicksilver oozes
  5 ironbound thunderhulks
  2 cacodemons
  Nessos (D:13)
  10 stone giants
  32 very ugly things
  2 vampire knights
  11 green draconians
  3 eleionomae
  9 yellow draconians
  4 deep elf demonologists
  15 white draconians
  11 black draconians
  9 deep elf death magi
  5 deep elf annihilators (Elf:3)
  9 dire elephants
  7 bunyips
  13 spark wasps
  5 war gargoyles (Vaults:5)
  13 purple draconians
  10 red draconians
  5 fire dragons
  2 crystal guardians (Vaults:2)
  2 green deaths
  8 deep elf high priests
  3 ettins
  2 entropy weavers
  16 yaktaur captains
  Josephine (D:11)
  15 jiangshi
  8 great orbs of eyes
  3 rakshasas
  2 shambling mangroves (Swamp:4)
  9 ice dragons
  24 hydras
  5 salamander tyrants
  Harold (D:11)
  2 peacekeepers
  27 vault guards
  Erica (Lair:2)
  A hell beast (Depths:2)
  4 catoblepae
  2 spriggan air magi
  3 ogre magi (Vaults:5)
  3 death knights
  2 radroaches
  A ghost crab (Swamp:1)
  2 boulder beetles
  6 alligators
  14 ironbound frosthearts
  17 anacondas
  9 two-headed ogres
  6 deep troll shamans
  4 tengu warriors
  13 naga warriors
  13 deep troll earth magi
  4 centaur warriors
  13 death yaks
  A bennu skeleton (Crypt:1)
  5 hell hogs
  14 naga sharpshooters
  14 dancing weapons
  2 vampire magi (Crypt:1)
  A spriggan berserker (Depths:3)
  2 occultists (D:15)
  9 spriggans
  4 orc high priests (Orc:2)
  9 shock serpents
  2 hell knights (Depths:2)
  A skyshark (shapeshifter) (Depths:4)
  Nergalle (Lair:1)
  17 deep elf knights
  3 sun demons (Depths:2)
  3 skysharks (Lair:2)
  9 salamander mystics
  2 sixfirhies (D:11)
  10 iron trolls
  5 glowing orange brains
  28 skeletal warriors
  4 shadow wraiths
  4 goliath frogs
  4 soul eaters
  44 deep trolls
  3 shadow demons
  A spectral anaconda (Crypt:3)
  7 bog bodies
  7 sea snakes
  6 arcanists
  A death drake (Swamp:4)
  3 flayed ghosts
  6 swamp dragons
  4 spriggan druids
  18 lindwurms
  9 naga ritualists
  20 mana vipers
  A deep troll (shapeshifter) (Vaults:5)
  7 deep elf archers
  24 deep elf zephyrmancers
  8 phantasmal warriors
  28 ironbound convokers
  8 orc knights
  5 necromancers
  An orange crystal statue (IceCv)
  5 harpies (Vaults:1)
  Pikel (D:6)
  27 deep elf pyromancers
  51 ugly things
  4 cyclopes
  7 orc sorcerers
  19 salamanders
  11 shining eyes
  7 kobold blastminers (Orc:2)
  A will-o-the-wisp (Swamp:1)
  21 moths of wrath
  3 manticores
  41 black mambas
  16 meliai
  3 large abominations (Crypt:3)
  A titan simulacrum (Depths:2)
  8 naga magi
  12 elephants
  14 vault sentinels
  2 centaur zombies (D:15)
  10 guardian serpents
  A torpor snail (Lair:4)
  A gargoyle (D:13)
  An orange demon (D:11)
  A minotaur zombie (Crypt:1)
  5 smoke demons
  2 eyes of devastation (Slime:5)
  An unseen horror (D:9)
  A centaur skeleton (D:15)
  13 cane toads
  7 komodo dragons
  A kobold demonologist (D:13)
  18 rime drakes
  4 efreet
  A black draconian skeleton (Crypt:1)
  24 yaktaurs
  3 ice devils
  12 freezing wraiths
  An elf skeleton (Vaults:2)
  A bunyip simulacrum (Crypt:3)
  A red draconian skeleton (Crypt:1)
  4 tengu conjurers
  13 trolls
  A shadow dragon simulacrum (Depths:2)
  2 bloated husks (Swamp:2)
  17 polar bears
  A queen bee (Depths:3)
  23 blink frogs
  6 glass eyes
  Prince Ribbit (D:5)
  9 hornets
  9 tyrant leeches
  A human skeleton (Vaults:2)
  Grinder (D:4)
  A stone giant simulacrum (Vaults:2)
  12 dream sheep
  4 jumping spiders (Zot:3)
  137 slime creatures
  10 water elementals
  2 air elementals
  5 shadows
  A vampire (D:11)
  5 basilisks
  52 yaks
  A ynoxinul (WizLab)
  2 fire elementals (Elf:2)
  9 wraiths
  A black mamba skeleton (Crypt:1)
  A wyvern (Lair:3)
  Grum (D:8)
  A hog (shapeshifter) (Elf:1)
  A steam dragon (D:6)
  3 redbacks (Vaults:2)
  An alligator snapping turtle simulacrum (Crypt:3)
  A neqoxec (Zot:4)
  5 wargs
  16 golden eyes
  5 vampire mosquitoes
  2 chaos spawn (WizLab)
  A harpy simulacrum (Crypt:3)
  A swamp worm (shapeshifter) (Vaults:5)
  15 swamp worms
  37 nagas
  12 water moccasins
  An unseen horror (shapeshifter) (Vaults:5)
  3 hell hounds
  6 swamp drakes
  2 sky beasts
  3 ice beasts
  48 orc warriors
  3 black bears
  20 laughing skulls
  A human zombie (Vaults:2)
  A small abomination (Crypt:3)
  15 ogres
  4 boggarts
  19 wolves
  5 centaurs
  A centaur (shapeshifter) (D:14)
  A lemure (D:6)
  A phantom (D:3)
  2 kobold brigands
  10 bullfrogs
  5 gnoll sergeants
  5 earth elementals
  7 necrophages
  2 scorpions
  A cane toad simulacrum (Lair:3)
  4 burial acolytes (Crypt:3)
  12 killer bees
  4 howler monkeys
  9 electric eels
  2 bombardier beetles
  2 hounds
  7 jellies
  38 orc priests
  Ijyb (D:4)
  2 sleepcaps
  Jessica (D:2)
  Natasha (thrice) (D:3)
  5 iguanas
  17 orc wizards
  6 hell rats (Lair:5)
  A spriggan simulacrum (Lair:3)
  A boggart skeleton (D:15)
  Robin (D:3)
  6 adders
  11 gnolls
  A naga simulacrum (Lair:3)
  A shadow imp (D:5)
  5 white imps
  5 ufetubi
  A dart slug (D:1)
  102 orcs
  A ball python (D:1)
  8 endoplasms
  4 giant cockroaches
  20 goblins
  16 hobgoblins
  14 kobolds
  3 quokkas
  A ball python skeleton (Crypt:1)
  10 bats
  2 frilled lizards
  A hobgoblin zombie (Crypt:1)
  8 rats
  2 aspiring fleshes
2408 creatures vanquished.

Vanquished Creatures (collateral kills)
  An acid blob (Slime:5)
  A rime drake (Lair:3)
  A kobold demonologist (D:11)
  A bombardier beetle (D:7)
  An orc wizard (D:12)
  2 gnolls (D:8)
  197 boulders
204 creatures vanquished.

Vanquished Creatures (others)
  A draconian monk (Zot:3)
  A white draconian (Zot:3)
  A deep elf pyromancer (Elf:2)
  A bloated husk (Swamp:1)
  A water elemental (Elf:2)
  186 boulders
191 creatures vanquished.

Grand Total: 2803 creatures vanquished

Notes
Turn   | Place    | Note
-------+----------+-------------------------------------------
     0 | D:1      | drock the Gargoyle Earth Elementalist began the quest for
                  | the Orb.
     0 | D:1      | Reached XP level 1. HP: 10/10 MP: 3/3
   275 | D:1      | Reached XP level 2. HP: 16/16 MP: 3/5
   383 | D:1      | Reached skill level 1 in Fighting
   602 | D:1      | Reached skill level 4 in Earth Magic
   665 | D:1      | Reached XP level 3. HP: 20/20 MP: 4/6
  1172 | D:1      | Found a faded altar of an unknown god.
  1185 | D:1      | Learned a level 3 spell: Stone Arrow
  1537 | D:2      | Noticed Jessica
  1553 | D:2      | Killed Jessica
  1554 | D:2      | Reached XP level 4. HP: 26/26 MP: 7/7
  1747 | D:2      | Found a runed translucent door.
  1748 | D:2      | Noticed Crazy Yiuf
  2024 | D:3      | Noticed a phantom
  2146 | D:3      | Found a large runed translucent door.
  2147 | D:3      | Found a large runed translucent door.
  2149 | D:3      | Noticed h191's ghost (amateur FoHu)
  2232 | D:4      | Noticed Ijyb
  2589 | D:3      | Found Joputa's Jewellery Emporium.
  2608 | D:3      | Found Myofuoh's General Store.
  2615 | D:3      | Bought a scroll of identify for 22 gold pieces
  2618 | D:3      | Noticed Natasha
  2637 | D:3      | Killed Natasha
  2638 | D:3      | Reached XP level 5. HP: 22/31 MP: 6/9
  2687 | D:3      | Found Nami's Jewellery Emporium.
  2703 | D:3      | Found a hazy altar of Hepliaklqana.
  2937 | D:3      | Noticed Robin
  2944 | D:3      | Killed Robin
  3121 | D:3      | Found Wuraem's Distillery.
  3121 | D:3      | Found Jopt's General Store.
  3127 | D:3      | Bought a potion of heal wounds for 60 gold pieces
  3129 | D:3      | Bought a scroll of identify for 26 gold pieces
  3129 | D:3      | Bought a scroll of identify for 26 gold pieces
  3160 | D:3      | Noticed Natasha
  3168 | D:3      | Killed Natasha
  3169 | D:3      | Reached skill level 5 in Earth Magic
  3169 | D:3      | Reached XP level 6. HP: 27/36 MP: 4/10
  3250 | D:3      | Noticed Natasha
  3261 | D:3      | Killed Natasha
  3284 | D:3      | Found a glowing silver altar of Zin.
  3284 | D:3      | Found an ornate altar of the Wu Jian Council.
  3625 | D:4      | Identified the +0 leather armour of Greed {Str+4}
  3661 | D:4      | Noticed Grinder
  3670 | D:4      | Killed Grinder
  3671 | D:4      | Reached XP level 7. HP: 42/42 MP: 2/12
  3747 | D:4      | Killed Ijyb
  3914 | D:4      | Found a white marble altar of Elyvilon.
  3983 | D:4      | Found a basalt altar of Yredelemnul.
  4014 | D:4      | Reached skill level 6 in Earth Magic
  4604 | D:5      | Entered Level 5 of the Dungeon
  4632 | D:5      | Found an ancient bone altar of Kikubaaqudgha.
  4755 | D:5      | Found a staircase to the Ecumenical Temple.
  4764 | Temple   | Entered the Ecumenical Temple
  4791 | Temple   | Became a worshipper of Gozag Ym Sagoz the Greedy
  5096 | D:5      | Reached XP level 8. HP: 48/48 MP: 7/14
  5376 | D:5      | Reached skill level 5 in Conjurations
  5459 | D:5      | Found a shimmering altar of Xom.
  5694 | D:5      | Reached skill level 5 in Fighting
  5865 | D:5      | Reached skill level 7 in Earth Magic
  5998 | D:5      | Noticed Prince Ribbit
  6003 | D:5      | Killed Prince Ribbit
  6004 | D:5      | Reached skill level 5 in Spellcasting
  6412 | D:6      | Reached XP level 9. HP: 55/55 MP: 13/17
  6670 | D:6      | Noticed Pikel
  6836 | D:6      | Found a sparkling altar of Nemelex Xobeh.
  6918 | D:6      | Killed Pikel
  6919 | D:6      | Reached skill level 8 in Earth Magic
  6968 | D:6      | Learned a level 4 spell: Brom's Barrelling Boulder
  8252 | D:8      | Reached skill level 1 in Shields
  8253 | D:8      | Noticed Grum
  8472 | D:8      | Reached XP level 10. HP: 63/63 MP: 11/19
  8697 | D:8      | Reached skill level 9 in Earth Magic
  8707 | D:8      | Killed Grum
  9551 | D:3      | Bought the ring of Visaept {MP+9 Dex+3 SInv Stlth-} for 641
                  | gold pieces
  9846 | D:9      | Found a snail-covered altar of Cheibriados.
  9963 | D:9      | Found a staircase to the Lair.
  9988 | D:9      | Noticed a two-headed ogre
 10005 | D:9      | Killed a two-headed ogre
 10017 | D:9      | Noticed an unseen horror
 10024 | D:9      | Killed an unseen horror
 10025 | D:9      | Reached skill level 5 in Shields
 10111 | D:9      | Noticed a two-headed ogre
 10136 | D:9      | Killed a two-headed ogre
 10406 | D:10     | Entered Level 10 of the Dungeon
 10636 | D:10     | Found an iron altar of Okawaru.
 10665 | D:10     | Reached skill level 10 in Earth Magic
 10665 | D:10     | Reached XP level 11. HP: 69/69 MP: 16/22
 10769 | D:10     | Noticed a two-headed ogre
 10784 | D:10     | Killed a two-headed ogre
 11461 | D:11     | Noticed Josephine
 11611 | D:11     | Noticed Harold
 11657 | D:11     | Killed Harold
 11658 | D:11     | Reached skill level 1 in Fire Magic
 11718 | D:11     | Noticed a red ugly thing
 11748 | D:11     | Killed a red ugly thing
 12141 | D:11     | Noticed a manticore
 12156 | D:11     | Killed a manticore
 12336 | D:11     | You fall into a shaft and drop 2 floors!
 12622 | D:11     | Killed Josephine
 13151 | D:12     | Noticed a two-headed ogre
 13304 | D:12     | Identified the blade talisman of the Doldrums {rN+}
 13392 | D:12     | Killed a two-headed ogre
 13393 | D:12     | Reached skill level 1 in Alchemy
 13460 | D:12     | Reached XP level 12. HP: 77/77 MP: 24/24
 13564 | D:12     | Found a staircase to the Orcish Mines.
 13662 | D:12     | Found a portal to a secret trove of treasure.
 14134 | D:13     | Noticed a tengu warrior
 14185 | D:13     | Noticed Rupert
 14299 | Lair:1   | Entered Level 1 of the Lair of Beasts
 14306 | Lair:1   | Reached skill level 10 in Conjurations
 14307 | Lair:1   | Noticed Nergalle
 14466 | Lair:1   | Reached skill level 10 in Fighting
 14752 | Lair:1   | Killed Nergalle
 14925 | Lair:1   | Identified the +5 flail "Yrchon" {speed, rElec Dex+4}
 15529 | Lair:1   | Learned a level 1 spell: Apportation
 15536 | Lair:1   | Bought a scroll labelled CYZUPPAZEI for 30 gold pieces
 15536 | Lair:1   | Bought a scroll labelled NISCHU ISCHENK for 30 gold pieces
 15541 | Lair:1   | Bought a heavily runed ring mail for 270 gold pieces
 15541 | Lair:1   | Identified the +1 ring mail of the Skies Above {Harm +Blink
                  | Dex+2} (You bought it in a shop on level 1 of the Lair of
                  | Beasts)
 15912 | Lair:2   | Noticed a skyshark
 15930 | Lair:2   | Killed a skyshark
 15974 | Lair:2   | Noticed a seven-headed hydra
 16034 | Lair:2   | Killed a seven-headed hydra
 16232 | Lair:2   | Reached XP level 13. HP: 84/84 MP: 26/26
 16290 | Lair:2   | Noticed Erica
 16305 | Lair:2   | Killed Erica
 17462 | Lair:2   | Found a staircase to the Swamp.
 17586 | Lair:2   | Reached skill level 10 in Spellcasting
 17596 | Lair:2   | Learned a level 5 spell: Irradiate
 17862 | Lair:3   | Found a staircase to the Snake Pit.
 17908 | Lair:3   | Reached skill level 5 in Alchemy
 18139 | Lair:3   | Noticed an ice dragon
 18546 | Lair:3   | Killed an ice dragon
 18625 | Lair:3   | Identified the +11 battleaxe "Ogrebane" {venom, rPois rCorr
                  | Int+4 Dex+4}
 19241 | Lair:3   | Reached skill level 10 in Shields
 20082 | Lair:4   | Gained mutation: Your large and strong wings let you fly.
                  | [Gargoyle growth]
 20082 | Lair:4   | Reached XP level 14. HP: 92/92 MP: 27/28
 20778 | Lair:4   | Identified the ring of Jealousy {rPois Str-3 Dex+5}
 21198 | Orc:1    | Entered Level 1 of the Orcish Mines
 21404 | Orc:1    | Learned a level 3 spell: Swiftness
 21407 | Orc:2    | Entered Level 2 of the Orcish Mines
 21570 | Orc:2    | Reached skill level 1 in Armour
 21709 | Orc:2    | Reached skill level 1 in Air Magic
 22804 | Orc:2    | Found Dono's Jewellery Boutique.
 22990 | Orc:2    | Found Quotanih's Distillery.
 23365 | Orc:2    | Noticed an orc warlord
 23416 | Orc:2    | Killed an orc warlord
 23641 | Orc:2    | Found a staircase to the Elven Halls.
 23719 | Orc:2    | Reached skill level 5 in Fire Magic
 23923 | Orc:2    | Reached XP level 15. HP: 85/97 MP: 27/29
 23964 | Orc:2    | Noticed an orc warlord
 24014 | Orc:2    | Killed an orc warlord
 24448 | Orc:2    | Found Cicha's Book Shop.
 24456 | Orc:2    | Bought a book of the Spheres for 832 gold pieces
 24464 | Orc:2    | Learned a level 7 spell: Orb of Destruction
 24565 | Orc:2    | Found Refesoq's Antique Armour Emporium.
 24570 | Orc:2    | Reached skill level 5 in Armour
 24725 | Orc:2    | Bought a dazzling ring mail for 324 gold pieces
 24725 | Orc:2    | Identified the +3 ring mail "Kineabiff" {rElec rPois
                  | Slay+3} (You bought it in a shop on level 2 of the Orcish
                  | Mines)
 24725 | Orc:2    | Bought a pair of runed gloves for 270 gold pieces
 25000 | Orc:2    | Bought a potion of haste for 170 gold pieces
 25000 | Orc:2    | Bought a potion of enlightenment for 85 gold pieces
 25000 | Orc:2    | Bought a potion of lignification for 51 gold pieces
 25322 | Orc:1    | Paralysed by an orc sorcerer for 2 turns
 26134 | D:12     | Killed Rupert
 26624 | D:13     | Found Vopil Ecvin's Magic Scroll Boutique.
 26627 | D:13     | Bought a scroll of blinking for 105 gold pieces
 26627 | D:13     | Bought a scroll of identify for 28 gold pieces
 26627 | D:13     | Bought a scroll of identify for 28 gold pieces
 26627 | D:13     | Bought a scroll of identify for 28 gold pieces
 26627 | D:13     | Bought a scroll of identify for 28 gold pieces
 26644 | D:13     | Bought a scroll of identify for 28 gold pieces
 26731 | D:13     | Noticed Nessos
 26746 | D:13     | Killed Nessos
 26968 | D:13     | Found Nawn's Armour Boutique.
 27088 | Orc:2    | Bought a runed leather armour for 180 gold pieces
 27208 | D:13     | Found Ydiumici's Magic Scroll Shoppe.
 27216 | D:13     | Bought a scroll of identify for 30 gold pieces
 27216 | D:13     | Bought a scroll of identify for 30 gold pieces
 27217 | D:13     | Identified a scroll of acquirement
 27218 | D:13     | Acquired the +1 helmet of Pien {rElec}
 27292 | D:13     | Found Zyang's General Store.
 27296 | D:13     | Bought a scroll of fog for 40 gold pieces
 27442 | D:13     | Found Hucli's Antique Weapon Shoppe.
 27563 | D:13     | Found a sacrificial altar of Ru.
 27660 | D:13     | Bought a +1 cloak of poison resistance for 189 gold pieces
 28510 | D:14     | Found a gate to the Vaults.
 28821 | D:14     | Identified the +4 leather armour of the Hills {rC++}
 29489 | Snake:1  | Entered Level 1 of the Snake Pit
 30396 | Snake:1  | Reached XP level 16. HP: 100/103 MP: 25/32
 30734 | Lair:3   | Learned a level 5 spell: Iskenderun's Battlesphere
 30916 | Snake:1  | Reached skill level 15 in Conjurations
 31947 | Snake:2  | Found Bitueriq's Jewellery Emporium.
 32041 | Snake:2  | Bought the ring of the Hare {EV+10} for 1792 gold pieces
 32041 | Snake:2  | Found the ring of the Hare {EV+10}
 32430 | D:3      | Bought a potion of brilliance for 48 gold pieces
 32708 | Orc:2    | Bought a potion of brilliance for 68 gold pieces
 32708 | Orc:2    | Bought a potion of magic for 136 gold pieces
 33185 | Snake:2  | Acquired 636 gold pieces
 33643 | Snake:2  | Found Ywat's Book Shoppe.
 33643 | Snake:2  | Found Utiluap's Jewellery Boutique.
 33644 | Snake:2  | Found Unluicw's Book Shoppe.
 34548 | Snake:3  | Reached skill level 10 in Armour
 35279 | Snake:4  | Entered Level 4 of the Snake Pit
 35421 | Snake:3  | Reached XP level 17. HP: 94/112 MP: 22/33
 35810 | Snake:4  | Reached skill level 11 in Earth Magic
 36591 | Snake:4  | Identified the +0 scale mail "Tuzicwon" {rElec rCorr
                  | Stlth+}
 37405 | Snake:4  | Reached skill level 15 in Fighting
 37648 | Snake:4  | Reached skill level 12 in Earth Magic
 38244 | Snake:4  | Got a serpentine rune of Zot
 38370 | Snake:2  | Bought a book of Annihilations for 960 gold pieces
 38552 | Swamp:1  | Entered Level 1 of the Swamp
 38926 | Swamp:1  | Reached XP level 18. HP: 119/119 MP: 29/34
 39288 | Swamp:1  | You are sucked into a shaft and drop 1 floor!
 39564 | Swamp:2  | Reached skill level 13 in Earth Magic
 40397 | Swamp:3  | Reached skill level 15 in Shields
 40528 | Swamp:3  | Found a transporter.
 40528 | Swamp:3  | Noticed Ypsiuj's ghost (adept GnSk)
 40532 | Swamp:3  | Identified the +2 cloak of Imoko {Dex+4}
 40535 | Swamp:3  | Found a transporter.
 40548 | Swamp:3  | Identified the +3 hand axe of Malaise {pain, rC+ Int+3}
 41014 | Swamp:4  | Entered Level 4 of the Swamp
 41457 | Swamp:4  | Found the +6 arbalest "Damnation" {damnation}
 41498 | Swamp:4  | Identified the +7 trident of Rubbish {antimagic, Will+}
 41547 | Swamp:4  | Reached skill level 14 in Earth Magic
 42283 | Swamp:4  | Got a decaying rune of Zot
 42370 | Swamp:4  | Identified the +1 long sword of Generosity {protect, rC++
                  | Int+3 SInv}
 42411 | Swamp:4  | Learned a level 6 spell: Bombard
 43184 | D:14     | Identified the +3 helmet "Veitilaypn" {Harm rElec rF++
                  | SInv}
 43593 | D:14     | Reached skill level 15 in Earth Magic
 43774 | D:15     | Entered Level 15 of the Dungeon
 44512 | D:15     | Reached XP level 19. HP: 127/127 MP: 35/35
 44962 | D:15     | Found a staircase to the Depths.
 45149 | D:15     | Bought a +2 pair of gloves of dexterity for 451 gold pieces
 45231 | Vaults:1 | Entered Level 1 of the Vaults
 45783 | Vaults:1 | Found the +3 Elemental Staff {ele, rElec rF+ rC+ AC+3}
 46132 | Vaults:1 | Reached skill level 16 in Earth Magic
 46793 | Vaults:1 | Found a runed translucent gate.
 46793 | Vaults:1 | Found a runed translucent gate.
 46892 | Vaults:1 | Found a runed translucent gate.
 46893 | Vaults:1 | Noticed Arcadio's ghost (adept AtGl)
 47917 | Vaults:1 | Killed Arcadio's ghost
 48326 | D:3      | Bought a ring of willpower for 350 gold pieces
 49226 | Vaults:2 | Found a runed translucent door.
 49226 | Vaults:2 | Noticed Zotwa's ghost (adept GnSk)
 50457 | Vaults:2 | Learned a level 5 spell: Borgnjor's Vile Clutch
 50818 | Vaults:2 | Reached XP level 20. HP: 134/134 MP: 19/37
 50890 | Vaults:2 | Identified the +1 leather armour "Kuzio" {rPois Dex+4}
 51129 | Vaults:1 | Reached skill level 17 in Earth Magic
 52442 | Vaults:3 | Found a staircase to the Crypt.
 52442 | Vaults:3 | Found an ancient bone altar of Kikubaaqudgha.
 52444 | Vaults:3 | Found a basalt altar of Yredelemnul.
 52469 | Vaults:3 | Found Riojiess's Weapon Shoppe.
 53166 | Elf:1    | Entered Level 1 of the Elven Halls
 53360 | Elf:1    | Found a glacial archway.
 53369 | IceCv    | Entered an ice cave
 54431 | IceCv    | Noticed a shard shrike
 54442 | IceCv    | Killed a shard shrike
 54673 | IceCv    | Identified the +1 helmet of Ajeyguun {Dex+3 Slay+2}
 55199 | Elf:1    | Reached skill level 18 in Earth Magic
 55584 | Elf:1    | Got the Grimoire of Force and Apparitions
 56010 | Elf:2    | Found Utyicosme's Distillery.
 56137 | Elf:2    | Found a runed translucent gate.
 56138 | Elf:2    | Found a runed translucent gate.
 56138 | Elf:2    | Found a runed translucent gate.
 56439 | Elf:2    | Reached XP level 21. HP: 140/140 MP: 10/39
 57175 | Elf:2    | Acquired the ring of Hoxunk {rElec rC- Will+++ Str-3 Int+6}
 57313 | Elf:3    | Entered Level 3 of the Elven Halls
 58146 | Elf:3    | Identified the ring "Lauxziz" {Will+ rCorr}
 58344 | Elf:3    | Identified the +0 spear of Nasmoroi {heavy, Int+2}
 58782 | Elf:3    | Reached skill level 19 in Earth Magic
 59248 | Elf:3    | Identified the +0 ring mail of the Burning Gods {MP+9}
 59485 | Elf:3    | Got the Disquisition on the Morbid Glacier
 59512 | Elf:3    | Got Ezxoabuh's Octavo of Cold Wounds
 59936 | D:14     | Learned a level 3 spell: Inner Flame
 60015 | Depths:1 | Entered Level 1 of the Depths
 60494 | Depths:1 | Acquired the ring "Zobocyogo" {rC+ rN+ Will- EV+5}
 60546 | Depths:1 | Found Sout's Antique Weapon Emporium.
 60714 | Depths:1 | Found a broken altar of Ashenzari.
 60793 | Depths:1 | Found a one-way gate leading to the halls of Pandemonium.
 61175 | Depths:1 | Found a gateway to Hell.
 61687 | Depths:2 | Found a one-way gateway to a ziggurat.
 61687 | Depths:2 | Noticed a dread lich
 61718 | Depths:2 | Found a magical portal.
 61735 | WizLab   | Entered Doroklohe's Tomb
 62290 | Depths:2 | Reached XP level 22. HP: 148/148 MP: 25/40
 62932 | Depths:2 | Bought a potion of curing for 69 gold pieces
 62932 | Depths:2 | Bought a potion of curing for 69 gold pieces
 62932 | Depths:2 | Bought 2 potions of curing for 138 gold pieces
 63145 | Orc:2    | Bought a potion of curing for 51 gold pieces
 63414 | D:3      | Bought a potion of curing for 36 gold pieces
 63414 | D:3      | Bought a potion of haste for 120 gold pieces
 63414 | D:3      | Bought a potion of haste for 120 gold pieces
 63647 | D:12     | You paid a toll of 16 potions of curing to enter a treasure
                  | trove
 63648 | Trove    | Entered a treasure trove
 63672 | Trove    | Got Wyaggut's Enchiridion on Conjuration
 63998 | Depths:2 | Noticed Bai Suzhen
 64438 | Depths:2 | Reached skill level 20 in Earth Magic
 64496 | Depths:2 | Killed Bai Suzhen
 64512 | Depths:2 | Found Cecwasm's Antique Weapon Shop.
 65811 | Depths:3 | Found a one-way gate to the infinite horrors of the Abyss.
 65933 | Depths:3 | Identified the +7 spear of the Moon {freeze, ^Drain Str+5}
 66415 | Depths:3 | Reached skill level 15 in Spellcasting
 66755 | Depths:3 | Found a sparkling altar of Nemelex Xobeh.
 67255 | Depths:4 | Entered Level 4 of the Depths
 67344 | Depths:3 | Learned a level 8 spell: Lehudib's Crystal Spear
 68162 | Depths:4 | Noticed a caustic shrike
 68163 | Depths:4 | Noticed a caustic shrike
 68166 | Depths:4 | Noticed a caustic shrike
 68172 | Depths:4 | Killed a caustic shrike
 68175 | Depths:4 | Killed a caustic shrike
 68179 | Depths:4 | Killed a caustic shrike
 69060 | Depths:4 | Reached skill level 21 in Earth Magic
 69367 | Depths:4 | Reached XP level 23. HP: 155/155 MP: 37/42
 69998 | Depths:4 | Found a gate to the Realm of Zot.
 71834 | Vaults:4 | Noticed Zenata
 72298 | Vaults:4 | Killed Zenata
 72931 | Vaults:4 | Reached skill level 22 in Earth Magic
 73607 | Vaults:4 | Bought a scroll of revelation for 135 gold pieces
 73607 | Vaults:4 | Bought a scroll of blinking for 135 gold pieces
 73607 | Vaults:4 | Bought 3 scrolls of blinking for 405 gold pieces
 73611 | Vaults:5 | Entered Level 5 of the Vaults
 74018 | Vaults:5 | Identified the ring of Jisec {rCorr EV+5 Str-2 Int+7 Dex+3}
 74018 | Vaults:5 | Noticed a dread lich
 74230 | Vaults:5 | Identified the amulet of Vuenison {Acrobat rElec rF- Str+3
                  | Slay+2}
 74835 | Vaults:5 | Identified the staff "Jeapp" {rPois rF+ Str-4 Fire Air}
 74888 | Vaults:5 | Reached XP level 24. HP: 163/163 MP: 40/43
 75223 | Vaults:5 | Identified the amulet of Peace {Reflect Slay+3 SH+5}
 75273 | Vaults:5 | Reached skill level 23 in Earth Magic
 75587 | Vaults:5 | Killed a dread lich
 76842 | Vaults:5 | Got a silver rune of Zot
 78492 | D:3      | Bought a scroll of revelation for 82 gold pieces
 78899 | Zot:1    | Entered Level 1 of the Realm of Zot
 79370 | Zot:1    | Reached skill level 24 in Earth Magic
 80199 | Zot:1    | Noticed a curse toe
 80205 | Zot:1    | Killed a curse toe
 80781 | Zot:1    | Learned a level 9 spell: Shatter
 81780 | Zot:1    | Reached XP level 25. HP: 169/169 MP: 17/43
 81914 | Zot:1    | Reached skill level 25 in Earth Magic
 82122 | Zot:2    | Noticed Parghit
 82130 | Zot:2    | Killed Parghit
 84096 | Zot:3    | Found a burning altar of Makhleb.
 84646 | Zot:4    | Reached skill level 26 in Earth Magic
 84872 | Zot:4    | Noticed a Killer Klown
 84875 | Zot:4    | Killed a Killer Klown
 86931 | Zot:4    | Reached skill level 27 in Earth Magic
 87131 | Zot:4    | Found a corrupted altar of Lugonu.
 87334 | Zot:4    | Got Xakouss's Codex of Fire and Brimstone
 87392 | Zot:5    | Entered Level 5 of the Realm of Zot
 88187 | Zot:5    | Noticed an orb of fire
 88250 | Zot:5    | Noticed an orb of fire
 88254 | Zot:5    | Killed an orb of fire
 88255 | Zot:5    | Reached skill level 5 in Dodging
 88315 | Zot:5    | Gained mutation: Potions are less effective at restoring
                  | your health. [an orb of fire]
 88316 | Zot:5    | Noticed an orb of fire
 88320 | Zot:5    | Killed an orb of fire
 88323 | Zot:5    | Killed an orb of fire
 88324 | Zot:5    | Reached XP level 26. HP: 156/176 MP: 21/43
 88553 | Zot:5    | Noticed a dread lich
 88604 | Zot:5    | Noticed an orb of fire
 88611 | Zot:5    | Killed an orb of fire
 88820 | Zot:5    | Noticed an orb of fire
 88826 | Zot:5    | Gained mutation: You are weak. (Str -2) [an orb of fire]
 88829 | Zot:5    | Killed an orb of fire
 88894 | Zot:5    | Noticed a Killer Klown
 88901 | Zot:5    | Noticed a Killer Klown
 88912 | Zot:5    | Killed a Killer Klown
 89077 | Zot:5    | Noticed an ancient lich
 89085 | Zot:5    | Killed an ancient lich
 89118 | Zot:5    | Noticed an orb of fire
 89121 | Zot:5    | Gained mutation: You occasionally lose the ability to read
                  | scrolls when taking damage. [an orb of fire]
 89130 | Zot:5    | Gained mutation: Your health recovers twice as slowly from
                  | being drained. [an orb of fire]
 89131 | Zot:5    | Gained mutation: You are clumsy. (Dex -2) [an orb of fire]
 89138 | Zot:5    | Gained mutation: Armour fits poorly on your strangely
                  | shaped body. [an orb of fire]
 89139 | Zot:5    | Killed an orb of fire
 89336 | Zot:5    | Noticed an orb of fire
 89340 | Zot:5    | Killed an orb of fire
 89503 | Zot:5    | Noticed a dread lich
 89510 | Zot:5    | Killed a dread lich
 89758 | Zot:5    | Noticed a dread lich
 89764 | Zot:5    | Killed a dread lich
 89765 | Zot:5    | Reached skill level 10 in Dodging
 89884 | Zot:5    | Noticed a Killer Klown
 89979 | Zot:5    | Lost mutation: You occasionally lose the ability to read
                  | scrolls when taking damage. [potion of mutation]
 89979 | Zot:5    | Lost mutation: Potions are less effective at restoring your
                  | health. [potion of mutation]
 89979 | Zot:5    | Lost mutation: You are weak. (Str -2) [potion of mutation]
 89979 | Zot:5    | Gained mutation: You passively dampen the noise of your
                  | surroundings. [potion of mutation]
 89979 | Zot:5    | Gained mutation: You are vulnerable to heat. (rF-) [potion
                  | of mutation]
 89979 | Zot:5    | Gained mutation: Your movements are slightly less
                  | encumbered by armour. (ER -2) [potion of mutation]
 89979 | Zot:5    | Gained mutation: Your movements are less encumbered by
                  | armour. (ER -4) [potion of mutation]
 90078 | Zot:5    | Killed a Killer Klown
 90119 | Zot:5    | Killed a Killer Klown
 90140 | Zot:5    | Killed a dread lich
 91440 | Lair:5   | Entered Level 5 of the Lair of Beasts
 91612 | Lair:5   | Found a viscous altar of Jiyva.
 91631 | Lair:5   | Found a staircase to the Slime Pits.
 92418 | Lair:5   | Identified the ring of Elyvilon's Displeasure {Ice Dex+8}
 92573 | Slime:1  | Entered Level 1 of the Pits of Slime
 92675 | Slime:1  | Gained mutation: You are vulnerable to cold. (rC-) [a
                  | shining eye]
 92680 | Slime:1  | Gained mutation: You are very vulnerable to heat. (rF--) [a
                  | shining eye]
 92793 | Slime:1  | Lost mutation: Your health recovers twice as slowly from
                  | being drained. [potion of mutation]
 92793 | Slime:1  | Lost mutation: You are vulnerable to cold. (rC-) [potion of
                  | mutation]
 92793 | Slime:1  | Gained mutation: You are frail. (-10% HP) [potion of
                  | mutation]
 92793 | Slime:1  | Gained mutation: You have large cloven feet. [potion of
                  | mutation]
 92793 | Slime:1  | Gained mutation: Your muscles are strong. (Str +4, Int/Dex
                  | -1) [potion of mutation]
 93073 | D:13     | Bought 2 potions of mutation for 160 gold pieces
 93076 | D:13     | Lost mutation: Your movements are less encumbered by
                  | armour. (ER -4) [potion of mutation]
 93076 | D:13     | Lost mutation: You passively dampen the noise of your
                  | surroundings. [potion of mutation]
 93076 | D:13     | Gained mutation: Your body sometimes deteriorates upon
                  | taking damage. [potion of mutation]
 93076 | D:13     | Gained mutation: Your movements are less encumbered by
                  | armour. (ER -4) [potion of mutation]
 93077 | D:13     | Lost mutation: Your movements are less encumbered by
                  | armour. (ER -4) [potion of mutation]
 93077 | D:13     | Lost mutation: You have large cloven feet. [potion of
                  | mutation]
 93077 | D:13     | Lost mutation: Your muscles are strong. (Str +4, Int/Dex
                  | -1) [potion of mutation]
 93078 | D:13     | Lost mutation: Your body sometimes deteriorates upon taking
                  | damage. [potion of mutation]
 93078 | D:13     | Lost mutation: Armour fits poorly on your strangely shaped
                  | body. [potion of mutation]
 93078 | D:13     | Lost mutation: Your movements are slightly less encumbered
                  | by armour. (ER -2) [potion of mutation]
 93078 | D:13     | Lost mutation: You are clumsy. (Dex -2) [potion of
                  | mutation]
 93828 | Slime:1  | Reached XP level 27. HP: 164/164 MP: 12/44
 93844 | Slime:1  | Gained mutation: Potions are less effective at restoring
                  | your health. [a shining eye]
 94029 | Slime:2  | Gained mutation: Potions cannot restore your health. [a
                  | shining eye]
 94410 | Slime:4  | Gained mutation: Armour fits poorly on your strangely
                  | shaped body. [a shining eye]
 94791 | Slime:3  | You are sucked into a shaft and drop 1 floor!
 94977 | Slime:5  | Entered Level 5 of the Pits of Slime
 95017 | Slime:5  | Gained mutation: You occasionally lose the ability to read
                  | scrolls when taking damage. [a shining eye]
 95613 | Slime:4  | Gained mutation: You occasionally shout uncontrollably at
                  | your foes. [a shining eye]
 95733 | Slime:5  | Noticed Dissolution
 95860 | Slime:5  | Gained mutation: Your spells are a little easier to cast,
                  | but a little less powerful. [a shining eye]
 95865 | Slime:5  | Noticed the Royal Jelly
 95869 | Slime:4  | Reached skill level 10 in Fire Magic
 96115 | Slime:4  | Killed Dissolution
 96235 | Slime:4  | Lost mutation: Your spells are a little easier to cast, but
                  | a little less powerful. [potion of mutation]
 96235 | Slime:4  | Lost mutation: You are very vulnerable to heat. (rF--)
                  | [potion of mutation]
 96235 | Slime:4  | Lost mutation: Armour fits poorly on your strangely shaped
                  | body. [potion of mutation]
 96235 | Slime:4  | Gained mutation: You have a pair of small horns on your
                  | head. [potion of mutation]
 96235 | Slime:4  | Lost mutation: You are frail. (-10% HP) [potion of
                  | mutation]
 96454 | Slime:5  | Gained mutation: Your health recovers twice as slowly from
                  | being drained. [a shining eye]
 96872 | Slime:5  | Killed the Royal Jelly
 97067 | Slime:5  | Identified the +2 robe of the Armadillo {Regen+ Str+3}
 97082 | Slime:5  | Found the crystal ball of Wucad Mu {*channel}
 97122 | Slime:5  | Got a slimy rune of Zot
 97145 | Slime:5  | Identified the staff of Tonioq {rC- Int+3 Conj Necro}
 97184 | Slime:5  | Identified the +8 great sword of Fedhas's Scorn {drain,
                  | rC+++}
 97726 | Hell     | Entered the Vestibule of Hell
 97726 | Hell     | Noticed Geryon
 97730 | Hell     | Killed Geryon
 98090 | Crypt:1  | Entered Level 1 of the Crypt
 99057 | Crypt:3  | Entered Level 3 of the Crypt
 99167 | Crypt:3  | Identified the orb of Gluttony {light, rF+ Will+}
 99167 | Crypt:3  | Noticed Frederick
 99197 | Crypt:3  | Killed Frederick
 99426 | Crypt:3  | Found an ancient bone altar of Kikubaaqudgha.
 99432 | Crypt:3  | Noticed Sojobo
 99611 | Crypt:3  | Killed Sojobo
 99715 | Crypt:3  | Noticed Jory
 99719 | Crypt:3  | Killed Jory
100392 | Crypt:3  | Identified the staff of the Unkillable {rPois Str+3 Conj}
100800 | Crypt:3  | Identified the +5 flail of the Wizarding Gods {heavy,
                  | Str+4}
101143 | Crypt:3  | Found a staircase to the Tomb.
101899 | Zot:5    | Got the Orb of Zot
102114 | Depths:3 | Noticed Keah the pandemonium lord
102119 | Depths:3 | Killed Keah the pandemonium lord
102656 | D:$      | Escaped with the Orb!

Illustrated notes

Levels and vault maps discovered:
D:1:      psy_arrival_heroes, layout_loops_ring, chequers_ecumenical_altar_grove
D:2:      layout_rooms, minmay_misc_feat_doors, nrook_uturn,
          hangedman_decor_points, minivault_4, minmay_splitting_lines,
          uniq_jessica, uniq_crazy_yiuf_cottage
D:3:      layout_loops_cross, mainiacjoe_overflow_boulevard,
          amethyst_overflow_temple_binary, serial_shops, shop, shop,
          nicolae_shop_hallway_stairs, shop, nicolae_shop_gaudy_bauble,
          ebering_ghost_disaster_area, uniq_robin, uniq_natasha
D:4:      cheibrodos_greedy_goblins, layout_loops_ring, kennysheep_ying_yang,
          uniq_grinder, uniq_ijyb
D:5:      layout_gridville, tgw_xom, mainiacjoe_overflow_alcove_1,
          minmay_temple_entry_hall, uniq_prince_ribbit1
D:6:      layout_loops_ring, nemelex_dance_club_becter, uniq_pikel
D:7:      layout_cave_pods, grunt_decor_mini_mirrors
D:8:      layout_rooms, uniq_grum
D:9:      layout_roguey, mainiacjoe_overflow_paths, dpeg_oklobed_lair
D:10:     layout_cave_pods, overflow_temple_1_default, nicolae_wwwww
D:11:     kennysheep_six_static_rooms, layout_cave_pods, uniq_harold,
          uniq_josephine
D:12:     layout_basic, david_orc_3, nicolae_trove_entry_crystal
D:13:     layout_irregular_city, serial_shops, shop, nicolae_shop_mannequins,
          kennysheep_mini, nicolae_shop_rolled_up, nicolae_shop_waterfront,
          chequers_decorated_corner, nicolae_ru_sacrificial_ziggurat,
          uniq_rupert, uniq_nessos
D:14:     layout_irregular_city, skrybe_vaults_entry_preservation, moated_statue
D:15:     grunt_enter_depths_magical_seal, layout_long_grid,
          hangedman_decor_slide_cut
Temple:   minmay_temple_forest_path
Lair:1:   layout_regular_city, serial_bayou_shore_a, grunt_megastairs_3,
          uniq_nergalle
Lair:2:   nzn_winding_woodlands_three_and_one [nzn_winding_woodlands_5x15_eye,
          nzn_winding_woodlands_5x15_pool,
          nzn_winding_woodlands_5x15_concentric,
          nzn_winding_woodlands_center_triple_pond], layout_cave_shapes,
          minmay_swamp_entry_worms, grunt_megastairs_2,
          infiniplex_staircase_pool_2, uniq_erica
Lair:3:   dreamdust_isle_of_ice, layout_concentric_octagons,
          nicolae_snake_entry_squirm, lemuel_fruit_tree
Lair:4:   layout_hall_layers, serial_bayou_pond_c, minmay_lindwurm_lava
Lair:5:   evilmike_catoblepas_cave, layout_loops_ring,
          minmay_slime_entry_pillars, nicolae_lair_lil_pond
Swamp:1:  layout_basic_swamp, nicolae_swamp_feature_on_the_river_bank
Swamp:2:  layout_basic_swamp, nicolae_swamp_little_tower,
          nicolae_swamp_long_stream, nicolae_swamp_decorative_isthmus,
          nicolae_swamp_tree_isthmus, infiniplex_staircase_pool
Swamp:3:  layout_basic_swamp, gammafunk_ghost_mausoleum,
          evilmike_swamp_ruin_house_1
Swamp:4:  swamp_basic_johnstein, layout_basic_swamp, swamp_pool_1_2,
          cheibrodos_swamp_minitomb
Snake:1:  layout_basic, nicolae_snake_lava_pool
Snake:2:  cheibrodos_snake_ritualist_ritual, layout_basic, serial_shops,
          nicolae_shop_peninsula, nicolae_snake_salamander_stairs,
          minmay_shop_grove
Snake:3:  layout_misc_corridors, st_stairs_7
Snake:4:  snake_pit_salamanders_mu, layout_chambers, grunt_ministairs_13
Slime:1:  layout_caves
Slime:2:  layout_caves, nicolae_slime_getting_an_eyeful
Slime:3:  layout_caves
Slime:4:  layout_caves, basic_altar, nicolae_slime_phagocytosis
Slime:5:  slime_pit, uniq_dissolution
Orc:1:    layout_caves
Orc:2:    pubby_orc_utopia
Elf:1:    eino_elf_arrival_customs, layout_geoelf_octagon,
          portal_ice_cave_entry_horrid_things, minmay_elf_sorcery
Elf:2:    nicolae_elf_blades_crystal_corner, layout_loops_corners, serial_shops,
          nicolae_diamond_shop
Elf:3:    minmay_elf_hall_curves, layout_gridlike,
          serial_library_regret_index_small_wings,
          serial_library_hellmonk_small_alcove
Vaults:1: ebering_ghost_rock_garden, nicolae_vaults_more_shelving_2, v_misc_29,
          nicolae_vaults_disjoint_gnomons, nicolae_vaults_ninety_degrees,
          v_misc_27, nicolae_vaults_windows_and_doors_thing,
          nicolae_vaults_little_squares_3, nicolae_vaults_offset_grid_hallway_1,
          layout_vaults_omnicross
Vaults:2: gammafunk_ghost_grave, nicolae_vaults_tetromino_Z_2,
          vaults_room_stairs_pillars, nicolae_vaults_door_testing_chamber,
          nicolae_vaults_three_branches, hangedman_vaults_pinch,
          nicolae_vaults_trapezoid_lopsided_4, nicolae_vaults_asterisk,
          nicolae_vaults_network_quinsquares
          [nicolae_vaults_network_quincunx_subvault,
          nicolae_vaults_network_quincunx_subvault,
          nicolae_vaults_network_quincunx_subvault,
          nicolae_vaults_network_quincunx_subvault], st_cross,
          nicolae_vaults_house_1, v_pattern_4, serial_ice_m,
          layout_vaults_big_room
Vaults:3: vaults_mumra_chevron_long, nicolae_vaults_apartment_2,
          grunt_vaults_twisty, minmay_crypt_entry_necro_gods,
          nicolae_vaults_little_squares_5,
          vaults_standard_mumra_enter_the_diamond, nicolae_vaults_circle_grid_a,
          hangedman_vaults_capsules, nicolae_vaults_rhombus_5,
          vaults_dpeg_diagonal, nicolae_vaults_border_crossing,
          layout_vaults_quadrants, serial_shops, nicolae_shop_stone
Vaults:4: serial_library_hellmonk_semicircle, nicolae_vaults_layer_cake_slice,
          v_misc_10, nicolae_vaults_theta, vaults_room_pools,
          nicolae_vaults_closet_pinwheel_6, vaults_mumra_hex,
          nicolae_vaults_ellipses_ellipsis, ontoclasm_vaults_bender,
          nicolae_vaults_trapezoid_3, layout_vaults_ring, uniq_zenata
Vaults:5
Crypt:1:  layout_regular_city
Crypt:2:  layout_gridlike, minivault_25, corexii_hall_statues_deadend
Crypt:3:  grunt_crypt_end_deaths_head, uniq_jory, uniq_frederick, uniq_sojobo
Depths:1: layout_roguey, pan_entry, ashenzari_altar_1, hell_entry,
          chequers_serial_rivers_marsh, hex_tiny, kennysheep_generic_room_6,
          firewood_loft, grunt_megastairs_5, minmay_shop_star
Depths:2: minmay_coctagon, layout_gridlike, enter_ziggurat_d, pan_entry,
          serial_shops, shop, serial_bayou_pond_a, hellmouth_3,
          mu_enter_wizlab_1, grunt_ministairs_8, uniq_bai_suzhen
Depths:3: regret_index_nemelex_summoning_deck_glade, layout_small_grid,
          hell_entry, abyss_entry_glasseish, minmay_crystal_room,
          chequers_big_river, minmay_protected_statue,
          infiniplex_staircase_split_hallway
Depths:4: grunt_zot_entry_gee_three, layout_gridlike, hell_entry,
          minmay_misc_feat_room
Hell
Zot:1:    layout_misc_corridors
Zot:2:    layout_misc_corridors, regret_index_zotdec_onion_hex, uniq_grunn,
          uniq_parghit
Zot:3:    layout_gridville, regret_index_zotdec_demonic_mixed,
          lemuel_flame_loot_1
Zot:4:    nicolae_zot_draconian_monastery, layout_gridlike, skrybe_zot_glass_3
Zot:5:    layout_misc_corridors

Skill      XL: |  1  2  3  4  5  6  7  8  9 10 11 12 13 14 15 16 17 18 19 20 21 22 23 24 25 26 27 |
---------------+----------------------------------------------------------------------------------+-----
Fighting       | 1 2 3 4 5 7 8 9 10 12 14 15 16 17 18 19 20 21 22 | 22.8
Earth Magic    | 4 5 6 7 8 10 12 15 16 18 19 21 22 24 27 | 27.0
Conjurations   | 2 3 4 6 7 8 9 11 12 14 15 16 17 18 19 20 21 | 21.5
Spellcasting   | 3 4 5 6 7 8 9 10 12 13 14 15 16 17 18 | 18.8
Shields        | 2 5 7 8 10 11 12 13 14 15 16 17 18 20 21 | 21.0
Fire Magic     | 2 5 6 8 13 | 13.8
Alchemy        | 1 4 5 6 |  6.0
Armour         | 4 7 10 | 10.0
Air Magic      | 3 |  3.6
Dodging        | 6 12 13 | 13.2
Stealth        | |  2.1

Action                     |  1- 3 |  4- 6 |  7- 9 | 10-12 | 13-15 | 16-18 | 19-21 | 22-24 | 25-27 || total
---------------------------+-------+-------+-------+-------+-------+-------+-------+-------+-------++-------
  Melee: Unarmed           |     5 |       |       |       |       |       |       |       |       ||     5
         Club              |    13 |       |       |       |       |       |       |       |       ||    13
         Dagger            |     1 |     2 |    13 |     4 |       |       |       |       |       ||    20
         Punch             |       |       |     1 |       |       |       |       |       |       ||     1
         Flail             |       |       |       |       |     1 |       |       |       |       ||     1
         Staff             |       |       |       |       |    19 |    10 |    41 |    33 |    52 ||   155
         Headbutt          |       |       |       |       |       |       |       |       |     2 ||     2
  Throw: Dart              |       |       |     6 |     4 |     9 |     1 |     3 |     3 |     2 ||    28
         Throwing net      |       |       |       |     1 |     3 |       |       |     1 |       ||     5
   Cast: Sandblast         |    44 |    61 |    51 |    52 |   110 |     6 |       |       |       ||   324
         Stone Arrow       |       |     6 |    82 |   168 |   558 |   464 |     9 |     1 |       ||  1288
         Brom's Barrelling |       |       |    16 |   177 |   334 |    32 |    19 |     2 |     3 ||   583
         Apportation       |       |       |       |       |     2 |       |       |       |       ||     2
         Irradiate         |       |       |       |       |     4 |    53 |    56 |    21 |    27 ||   161
         Iskenderun's Batt |       |       |       |       |       |    87 |     1 |       |       ||    88
         Orb of Destructio |       |       |       |       |       |   209 |   316 |   303 |   394 ||  1222
         Bombard           |       |       |       |       |       |    18 |   447 |   277 |   207 ||   949
         Borgnjor's Vile C |       |       |       |       |       |       |     8 |    17 |     5 ||    30
         Inner Flame       |       |       |       |       |       |       |     2 |    15 |       ||    17
         Lehudib's Crystal |       |       |       |       |       |       |       |   166 |   283 ||   449
         Shatter           |       |       |       |       |       |       |       |     1 |    75 ||    76
 Invoke: Call Merchant     |       |       |       |     1 |       |       |     1 |     2 |     2 ||     6
         Potion Petition   |       |       |       |       |     1 |       |       |     4 |     6 ||    11
  Evoke: Wand              |       |     9 |     7 |     2 |    23 |       |    22 |     3 |     7 ||    73
         Lightning rod     |       |       |       |       |     1 |       |     4 |     5 |     3 ||    13
         Phantom mirror    |       |       |       |       |       |       |       |       |     1 ||     1
    Use: Scroll            |       |     4 |     1 |    12 |    17 |     3 |    12 |    21 |     5 ||    75
         Potion            |       |       |       |     1 |     3 |       |     3 |    12 |     7 ||    26
   Stab: Sleeping          |     1 |       |     2 |       |       |       |       |       |       ||     3
 Armour: Robe              |     6 |    28 |    51 |   149 |   378 |   217 |   231 |       |       ||  1060
         Leather armour    |    14 |       |       |       |       |       |    57 |   317 |   312 ||   700
         Skin              |       |       |       |       |       |       |       |     2 |       ||     2
  Dodge: Dodged            |    23 |    22 |    42 |    74 |   170 |   202 |   140 |    69 |   144 ||   886
  Block: Buckler           |       |       |       |     5 |       |       |       |       |       ||     5
         Kite shield       |       |       |       |    77 |   260 |   237 |   237 |       |       ||   811
         Tower shield      |       |       |       |       |       |       |   113 |   359 |   518 ||   990
